 Dungeon Crawl Stone Soup version 0.23-a0-713-ge59bbb1 (webtiles) character file.

21790 JeffiDaFish the Nimble (level 12, -3/51 HPs)
             Began as a Spriggan Necromancer on Jan 15, 2019.
             Was an Elder of Kikubaaqudgha.
             Slain by an elephant (18 damage)
             ... on level 3 of the Lair of Beasts on Jan 16, 2019.
             The game lasted 01:01:38 (26722 turns).

JeffiDaFish the Nimble (Spriggan Necromancer)      Turns: 26722, Time: 01:01:39

Health: -3/51      AC:  7    Str:  4    XL:     12   Next: 57%
Magic:  1/38       EV: 30    Int: 21    God:    Kikubaaqudgha [****..]
Gold:   771        SH:  0    Dex: 17    Spells: 9/35 levels left

rFire    + . .     SeeInvis +   k - +2 dagger (flame)
rCold    . . .     Gourm    .   (shield restricted)
rNeg     . . .     Faith    .   i - +1 robe {rF+}
rPois    .         Spirit   .   x - +2 hat {MR+}
rElec    .         Reflect  .   (no cloak)
rCorr    .         Harm     .   (gloves unavailable)
MR       ++++.                  (boots unavailable)
Stlth    ++........             (no amulet)
HPRegen  0.17/turn              r - ring of Geexur {+Blink MR+ MP+9}
MPRegen  0.26/turn              (no ring)

@: very quick
A: very small, unfitting armour, slimy green scales 1, see invisible, herbivore,
speed 3, slow metabolism 2, wild magic 1
a: Receive Corpses, Renounce Religion, Evoke Blink


You were on level 3 of the Lair of Beasts.
You worshipped Kikubaaqudgha.
Kikubaaqudgha was greatly pleased with you.
You were hungry.

You visited 3 branches of the dungeon, and saw 16 of its levels.
You also visited: Bailey.

You collected 771 gold pieces.

Inventory:

Hand Weapons
 k - a +2 dagger of flaming (weapon)
Armour
 g - a +0 buckler of poison resistance
 i - a +1 robe of fire resistance (worn)
 x - a +2 hat of magic resistance (worn)
Jewellery
 r - the ring of Geexur (left hand) {+Blink MR+ MP+9}
   (You found it on level 10 of the Dungeon)

   [ring of magical power]

   It affects your resistance to hostile enchantments.
   It affects your magic capacity (+9).
   It lets you blink.
 z - an uncursed ring of fire
Wands
 a - a wand of iceblast (5)
 n - a wand of enslavement (6)
Scrolls
 d - 8 scrolls of identify
 e - 5 scrolls of teleportation
 j - 14 scrolls of remove curse
 m - a scroll of enchant armour
 s - a scroll of fear
 w - a scroll of enchant weapon
 y - a scroll of fog
Potions
 b - a potion of haste
 f - a potion of invisibility
 h - a potion of ambrosia
 l - 2 potions of heal wounds
 p - 3 potions of magic
 q - a potion of cancellation
 u - a potion of brilliance
 v - a potion of flight
Comestibles
 c - 13 rations


   Skills:
 + Level 13.8 Dodging
 - Level 3.0 Stealth
 + Level 12.0 Spellcasting
 + Level 4.3 Charms
 * Level 13.1 Necromancy
   Level 5.0 Transmutations
 + Level 4.8 Earth Magic


You had 9 spell levels left.
You knew the following spells:

 Your Spells              Type           Power        Failure   Level  Hunger
a - Pain                  Necr           ####         1%          1    None
b - Vampiric Draining     Necr           ######....   1%          3    None
c - Regeneration          Chrm/Necr      ######....   1%          3    None
d - Animate Dead          Necr           N/A          1%          4    None
e - Excruciating Wounds   Chrm/Necr      ######....   7%          5    ####...
f - Dispel Undead         Necr           ######..     1%          5    ####...
g - Borgnjor's Vile Clut  Necr/Erth      ######....   6%          5    ####...

Your spell library contained the following spells:

 Spells                   Type           Power        Failure   Level  Hunger
 Animate Skeleton         Necr           N/A          1%          1    None
 Beastly Appendage        Tmut           #####.       1%          1    None
 Sublimation of Blood     Necr           ######....   1%          2    None
 Sticks to Snakes         Tmut           #####...     2%          2    None
 Death Channel            Necr           ######....   6%          6    #####..
 Apportation              Tloc           ###...       9%          1    None
 Confusing Touch          Hex            ###...       9%          1    None
 Summon Small Mammal      Summ           ###.         9%          1    None
 Spider Form              Tmut/Pois      ####......   9%          3    None
 Call Imp                 Summ           ###.....     12%         2    None
 Call Canine Familiar     Summ           ###.....     22%         3    None
 Summon Guardian Golem    Hex/Summ       ###.....     22%         3    None
 Ice Form                 Ice/Tmut       ####....     26%         4    None
 Blade Hands              Tmut           #####.....   26%         5    ####...
 Summon Ice Beast         Ice/Summ       ###.....     54%         4    None
 Summon Lightning Spire   Summ/Air       ###.....     54%         4    None
 Simulacrum               Ice/Necr       ######....   58%         6    #####..


Dungeon Overview and Level Annotations

Branches:
Dungeon (11/15)            Temple (1/1) D:6            Lair (4/6) D:9
 Spider (0/4) Lair:3
  Swamp: Lair:2-4    Shoals: Lair:2-4       Orc: D:9-12

Altars:
Cheibriados
Gozag
Hepliaklqana
Kikubaaqudgha
Makhleb
Okawaru
Qazlal
Ru
Trog
Wu Jian
Xom
Zin
The Shining One

Shops:
D:5 (   D:7 =

Annotations:
Lair:1 3 runed doors, agentgt's ghost, journeyman HuGl


Innate Abilities, Weirdness & Mutations

You are very small and have problems with some larger weapons.
You are too small for most types of armour.
You have supernaturally acute eyesight. (SInv)
You are a herbivore.
You cover ground extremely quickly.
You need to consume almost no food.
You are partially covered in slimy green scales. (AC +2)
Your spells are a little harder to cast, but a little more powerful.


Message History

Press: ? - help, Shift-Dir - straight line, f/p - elephant
Aim: an elephant (heavily wounded, chance to defeat MR: 54%)
The elephant writhes in agony!
Casting: Pain (safe; 1% risk of failure)
Confirm with . or Enter, or press ? or * to list all spells.
Aiming: Pain (safe; 1% risk of failure)
Press: ? - help, Shift-Dir - straight line, f/p - elephant
Aim: an elephant (heavily wounded, chance to defeat MR: 54%)
The elephant resists with significant effort.
You hit the elephant but do no damage.
The elephant is heavily wounded.
The elephant closely misses you. The elephant misses you.
You hit the elephant. You burn the elephant.
The elephant is heavily wounded.
The elephant completely misses you. The elephant misses you.
You barely miss the elephant.
The elephant is heavily wounded.
The elephant tramples you!!
You die...
Kikubaaqudgha rasps: "You have failed me!
Welcome... death!"

.........#♣8♣#..............#
.........#)..#............PP#
.........##'##.............##
...####P..........>.........#
#..## #####.......#.#...P..##
#...####.###.(....###.###..#
#..###...###.....####.#.P..#
#...#....##.....Y###..>....##
....#...........@P#....##...#
.....#...##......###..P#....#
...P########.....####.###..##
#..## #.......##..###..#
....########.......##.#.#..##
........................†...#
######.#P.###############P..#
# ###### #####


You could see an elephant.

Vanquished Creatures
  The ghost of Otoil the Carver, a journeyman DgSk (Lair:3)
  Erolcha (D:10)
  Nergalle (D:10)
  A skeletal warrior (D:11)
  Joseph (D:7)
  7 elephants (Lair:3)
  A black mamba (Lair:3)
  5 komodo dragons
  3 spiny frogs
  A polar bear (Lair:2)
  4 blink frogs (Lair:3)
  3 hippogriffs
  13 yaks
  Sigmund (D:4)
  A tarantella (Lair:3)
  A wyvern (D:9)
  2 basilisks (D:9)
  4 hogs (D:7)
  A human (D:7)
  Edmund (D:4)
  10 porcupines
  6 water moccasins
  An ice beast (D:6)
  2 ogres
  2 orc warriors (D:6)
  A phantom (D:10)
  2 necrophages
  4 wolves
  2 sky beasts
  7 centaurs
  4 crocodiles
  3 big kobolds
  8 gnoll sergeants (Bailey)
  8 bullfrogs
  A wyvern zombie (D:7)
  A water moccasin zombie (D:8)
  2 scorpions
  4 wights (D:10)
  A howler monkey (D:9)
  A crimson imp (D:10)
  11 hounds
  2 bullfrog zombies
  A jelly (D:9)
  A quasit (D:10)
  2 centaur skeletons
  3 orc priests
  7 gnoll shamans
  6 orc wizards
  Terence (D:2)
  2 iguanas (D:6)
  4 worker ants
  3 hound skeletons
  28 gnolls
  6 adders
  4 shadow imps
  2 adder skeletons
  3 worms
  5 leopard geckos
  31 orcs
  A ball python (D:3)
  5 bats
  7 giant cockroaches
  12 goblins
  8 hobgoblins
  15 jackals
  3 quokkas
  A ball python zombie (D:5)
  7 frilled lizards
  A giant cockroach zombie (D:5)
  24 kobolds
  2 quokka skeletons
  6 rats
337 creatures vanquished.

Vanquished Creatures (collateral kills)
  Gastronok (Lair:2)
  A centaur zombie (D:10)
  A centaur skeleton (D:10)
  A komodo dragon (D:10)
  A polar bear (Lair:3)
  Grinder (D:5)
  An ice beast (D:8)
  An ogre (D:8)
  2 crimson imps
  2 orc priests
  A gnoll shaman (Bailey)
  A worker ant (D:8)
  A hound zombie (D:8)
  A howler monkey skeleton (D:10)
  3 gnolls (Bailey)
  6 orcs
  A kobold (D:10)
26 creatures vanquished.

Vanquished Creatures (others)
  A swamp drake (D:9)
  3 fungi (Lair:4)
4 creatures vanquished.

Grand Total: 367 creatures vanquished

Notes
Turn   | Place    | Note
-------+----------+-------------------------------------------
     0 | D:1      | JeffiDaFish the Spriggan Necromancer began the quest for
                  | the Orb.
     0 | D:1      | Reached XP level 1. HP: 9/9 MP: 5/5
   454 | D:1      | Reached XP level 2. HP: 11/13 MP: 3/6
  1597 | D:2      | Reached XP level 3. HP: 9/16 MP: 1/8
  1742 | D:2      | Learned a level 3 spell: Vampiric Draining
  2434 | D:2      | Reached XP level 4. HP: 11/21 MP: 0/10
  3308 | D:2      | Noticed Terence
  3317 | D:2      | Killed Terence
  3861 | D:3      | Found a glowing golden altar of the Shining One.
  4044 | D:3      | Learned a level 3 spell: Regeneration
  4092 | D:3      | Reached XP level 5. HP: 16/24 MP: 1/12
  4970 | D:3      | Learned a level 4 spell: Animate Dead
  5133 | D:3      | Reached skill level 5 in Necromancy
  5370 | D:4      | Reached skill level 5 in Dodging
  5776 | D:4      | Reached XP level 6. HP: 21/28 MP: 4/13
  6476 | D:4      | Noticed Sigmund
  7158 | D:4      | Reached skill level 5 in Spellcasting
  7448 | D:4      | Reached XP level 7. HP: 26/32 MP: 12/15
  7626 | D:4      | Noticed Edmund
  7640 | D:4      | Killed Edmund
  7929 | D:5      | Entered Level 5 of the Dungeon
  8156 | D:5      | Noticed Grinder
  8747 | D:5      | Found Cidghoho's Antique Weapon Boutique.
  8773 | D:5      | Found a bloodstained altar of Trog.
  9006 | D:5      | Killed Grinder
  9006 | D:5      | Reached XP level 8. HP: 15/36 MP: 16/18
  9009 | D:5      | Gained mutation: You are partially covered in slimy green
                  | scales. (AC +2) [potion of mutation]
  9009 | D:5      | Gained mutation: Your spells are a little harder to cast,
                  | but a little more powerful. [potion of mutation]
  9560 | D:6      | Found an opulent altar of Gozag.
  9834 | D:6      | Found a staircase to the Ecumenical Temple.
  9918 | Temple   | Entered the Ecumenical Temple
  9937 | Temple   | Became a worshipper of Kikubaaqudgha
 10147 | D:6      | Found a glowing silver altar of Zin.
 10329 | D:6      | Found a bloodstained altar of Trog.
 10562 | D:6      | Found a sacrificial altar of Ru.
 10562 | D:6      | Found an opulent altar of Gozag.
 10565 | D:6      | Found an iron altar of Okawaru.
 10718 | D:7      | Found a burning altar of Makhleb.
 10877 | D:7      | Noticed Joseph
 10899 | D:7      | Killed Joseph
 10899 | D:7      | Reached XP level 9. HP: 26/39 MP: 0/21
 11475 | D:7      | Found Isux's Jewellery Boutique.
 11686 | D:7      | Found a shimmering altar of Xom.
 11687 | D:7      | Found a hazy altar of Hepliaklqana.
 11687 | D:7      | Noticed an unseen horror
 11688 | D:7      | Noticed a spectral ugly thing
 11688 | D:7      | Noticed an unseen horror
 12585 | D:7      | Reached skill level 10 in Dodging
 12784 | D:8      | Reached * piety under Kikubaaqudgha
 12784 | D:8      | Identified Kikubaaqudgha's Grimoire of Black Arts
                  | (Kikubaaqudgha gifted it to you on level 8 of the Dungeon)
 12784 | D:8      | Received a gift from Kikubaaqudgha
 13501 | D:8      | Reached skill level 10 in Necromancy
 13924 | D:8      | Reached XP level 10. HP: 35/44 MP: 8/24
 14114 | D:9      | Found a flagged portal.
 14272 | Bailey   | Entered a bailey
 14291 | Bailey   | Reached ** piety under Kikubaaqudgha
 15153 | Bailey   | Learned a level 2 spell: Sticks to Snakes
 15308 | Bailey   | Reached skill level 1 in Transmutations
 16835 | D:9      | Found a staircase to the Lair.
 16994 | Lair:1   | Entered Level 1 of the Lair of Beasts
 17307 | D:9      | Reached skill level 10 in Spellcasting
 17773 | Lair:1   | HP: 1/44 [komodo dragon (15)]
 18259 | Lair:1   | Found a runed gate.
 18260 | Lair:1   | Found a runed gate.
 18261 | Lair:1   | Found a runed gate.
 18261 | Lair:1   | Noticed a four-headed hydra
 18420 | Lair:1   | Noticed a spiny frog
 18551 | Lair:1   | Noticed a minotaur
 18552 | Lair:1   | Noticed agentgt's ghost (journeyman HuGl)
 18556 | Lair:1   | Noticed a spiny frog
 18616 | Lair:1   | Noticed a spiny frog
 18655 | Lair:1   | Killed a spiny frog
 18655 | Lair:1   | Reached XP level 11. HP: 41/47 MP: 19/26
 18792 | Lair:1   | Reached *** piety under Kikubaaqudgha
 18792 | Lair:1   | Identified Kikubaaqudgha's Reference Book on Unholy Rituals
                  | (Kikubaaqudgha gifted it to you on level 1 of the Lair of
                  | Beasts)
 18792 | Lair:1   | Received a gift from Kikubaaqudgha
 18802 | Lair:1   | Learned a level 5 spell: Dispel Undead
 18808 | Lair:1   | Learned a level 5 spell: Borgnjor's Vile Clutch
 19444 | D:10     | Entered Level 10 of the Dungeon
 19535 | D:10     | Identified the cursed +2 long sword of Cheese {pain, +Inv
                  | rElec Dex-3} (You found it on level 10 of the Dungeon)
 19773 | D:10     | Reached skill level 5 in Transmutations
 19809 | D:10     | Got a clouded glass ring
 19870 | D:10     | Noticed Erolcha
 19892 | D:10     | Reached skill level 1 in Earth Magic
 19896 | D:10     | Killed Erolcha
 20064 | D:10     | Learned a level 5 spell: Excruciating Wounds
 20658 | D:10     | Noticed Nergalle
 20673 | D:10     | Killed Nergalle
 20879 | D:11     | Noticed a skeletal warrior
 20879 | D:11     | Noticed a skeletal warrior
 20879 | D:11     | Noticed a skeletal warrior
 20879 | D:11     | Noticed a skeletal warrior
 20879 | D:11     | Noticed a skeletal warrior
 20881 | D:11     | Killed a skeletal warrior
 21078 | D:4      | Killed Sigmund
 21374 | Lair:2   | Noticed Gastronok
 21512 | Lair:2   | Killed Gastronok
 21917 | Lair:2   | Reached **** piety under Kikubaaqudgha
 23225 | Lair:3   | Reached XP level 12. HP: 45/51 MP: 16/28
 23479 | Lair:3   | Identified the ring of Geexur {+Blink MR+ MP+9} (You found
                  | it on level 10 of the Dungeon)
 23897 | Lair:3   | Reached skill level 1 in Charms
 24532 | Lair:3   | Found a hole to the Spider Nest.
 24552 | Lair:3   | Found a runed door.
 24552 | Lair:3   | Noticed Otoil's ghost (journeyman DgSk)
 24591 | Lair:3   | Killed Otoil's ghost
 26018 | Lair:4   | Noticed an eight-headed hydra
 26189 | Lair:4   | Noticed an eight-headed hydra
 26722 | Lair:3   | Slain by an elephant

Vault maps used:
D:1:      zaba_arrival_water
D:2:      first_ration, uniq_terence
D:3:      tso_altar
D:4:      uniq_edmund, uniq_sigmund
D:5:      kennysheep_mini, serial_shops, shop, chequers_serial_rivers_small_a,
          uniq_grinder
D:6:      grunt_temple_overflow_cloverleaf, temple_pool_b, basic_altar,
          trog_butcher_becter
D:7:      regret_index_temple_of_mockery, serial_shops, kennysheep_little_box,
          grunt_livestock, serial_bayou_pond_e, makhleb_blood_cavern_becter,
          uniq_joseph
D:9:      erik_lair_dragon, enter_bailey_8, minmay_unpleasant_kobolds
D:10:     uniq_erolcha, uniq_nergalle
D:11:     gauntlet_entry_generic, special_room
Temple:   regret_index_temple_waves
Lair:1:   maelrawn_ghost_gauntlet_escape, beast_lair_carwin_11
Lair:2:   chequers_serial_rivers_micro_d, grunt_megastairs_1,
          serial_bayou_shore_a, uniq_gastronok
Lair:3:   spider_nest_entry_rubble, gammafunk_ghost_grave
Lair:4:   minmay_shoals_entry_beasts, lookout_lair_type,
          minmay_lair_oklob_bushes, infiniplex_staircase_pool
Bailey:   bailey_polearm_gnolls_kennysheep, bailey

Skill      XL: |  1  2  3  4  5  6  7  8  9 10 11 12 |
---------------+-------------------------------------+-----
Spellcasting   | 3 4 5 6 7 9 10 11 12 | 12.0
Necromancy     | 4 5 6 7 8 10 11 12 13 | 13.1
Dodging        | 4 5 6 7 9 10 11 13 | 13.8
Transmutations | 4 5 |  5.0
Earth Magic    | 3 4 |  4.8
Charms         | 4 |  4.3
Stealth        | |  3.0

Action                   |  1- 3 |  4- 6 |  7- 9 | 10-12 || total
-------------------------+-------+-------+-------+-------++-------
Melee: Dagger            |     7 |    45 |   461 |   360 ||   873
 Cast: Pain              |    69 |   168 |   164 |   591 ||   992
       Vampiric Draining |     1 |    10 |    47 |   138 ||   196
       Regeneration      |       |     1 |    11 |     5 ||    17
       Animate Dead      |       |     1 |     8 |    15 ||    24
       Dispel Undead     |       |       |       |    17 ||    17
       Borgnjor's Vile C |       |       |       |     3 ||     3
       Excruciating Woun |       |       |       |     2 ||     2
Invok: Receive Corpses   |       |       |     1 |     2 ||     3
Evoke: Wand              |       |       |       |     4 ||     4
  Use: Potion            |     3 |     4 |     4 |     7 ||    18
       Scroll            |     3 |     6 |     5 |     9 ||    23
 Stab: Sleeping          |     2 |     1 |     4 |     3 ||    10
       Distracted        |       |       |     2 |     2 ||     4
  Eat: Ration            |       |     2 |     5 |     9 ||    16
Armor: Robe              |       |     5 |    39 |    65 ||   109
Dodge: Dodged            |    17 |    80 |   553 |  1034 ||  1684

Table legend:
 A = Non-vault XP
 B = Vault XP
 C = Vault XP percentage of total XP
 D = Non-vault monster count
 E = Vault monster count
 F = Vault count percentage of total count
                 A         B        C        D         E       F
            +---------+---------+-------+---------+---------+-------
      Total |   20223 |   10906 |  35.0 |     294 |      70 |  19.2
            +---------+---------+-------+---------+---------+-------
        D:1 |      34 |       0 |   0.0 |      22 |       0 |   0.0
        D:2 |      92 |      36 |  28.1 |      30 |       1 |   3.2
        D:3 |     122 |       0 |   0.0 |      37 |       0 |   0.0
        D:4 |     492 |     377 |  43.4 |      23 |       2 |   8.0
        D:5 |     395 |     186 |  32.0 |      10 |       1 |   9.1
        D:6 |     761 |     237 |  23.7 |      19 |       4 |  17.4
        D:7 |     397 |    1573 |  79.8 |      13 |       8 |  38.1
        D:8 |    1409 |       0 |   0.0 |      40 |       0 |   0.0
        D:9 |    1079 |     967 |  47.3 |      10 |      12 |  54.5
       D:10 |    2510 |    1826 |  42.1 |      36 |       2 |   5.3
       D:11 |     800 |       0 |   0.0 |       1 |       0 |   0.0
     Lair:1 |    1452 |    1217 |  45.6 |       9 |       5 |  35.7
     Lair:2 |    2039 |    1995 |  49.5 |      13 |       3 |  18.8
     Lair:3 |    8496 |    1339 |  13.6 |      30 |       2 |   6.2
     Lair:4 |     145 |       0 |   0.0 |       1 |       0 |   0.0
     Bailey |       0 |    1153 | 100.0 |       0 |      30 | 100.0
            +---------+---------+-------+---------+---------+-------
